Map: Ruins of Seras

Players

Lambo - Winner!

  • Race: Zerg Zerg
  • League: Master

Miszu

  • Race: Terran Terran
  • League: Master

VOD

Have the link to the VOD?

Description

Time

  • Played on: Feb. 4, 2016, 1:08 p.m.
  • Length: 4:56
Show
View Real Time Build Order
Export as new Build Order

Lambo Zerg - Winner!

Build Orders: Hatch First, Roach Nydus 

Get SALT Encoding   

  12  0:00  Drone  
  13  0:13  Overlord  
  13  0:18  Drone  
  14  0:32  Drone x2  
  16  0:36  Drone  
  17  0:48  Drone  
  18  0:58  Hatchery  
  18  1:01  Drone  
  18  1:07  Extractor  
  17  1:16  Spawning Pool  
  16  1:19  Drone  
  16  1:22  Drone  
  18  1:30  Drone  
  19  1:40  Overlord  
  19  1:53  Drone  
  20  2:03  Zergling x2, Queen  
  23  2:09  Queen  
  23  2:10  Zergling x2  
  23  2:12  Drone  
  27  2:21  Drone  
  28  2:28  Drone  
  29  2:33  Drone  
  30  2:39  Drone  
  30  2:44  Lair, Drone x2  
  33  2:45  Queen  
  35  2:55  Overlord  
  35  2:57  Drone  
  36  3:14  Drone x4  
  36  3:15  Drone  
  36  3:16  Drone  
  36  3:17  Drone x2  
  36  3:18  Extractor  
  36  3:19  Extractor  
  42  3:22  Queen  
  42  3:24  Overlord  
  44  3:32  Roach Warren  
  43  3:35  Drone  
  44  3:44  Drone  
  44  3:46  Nydus Network  
  44  3:48  Drone x3  
  47  3:53  Queen  
  49  3:57  Overlord  
  49  3:59  Overseer  
  49  4:06  Overlord  
  49  4:14  Roach  
  51  4:19  Roach  
  51  4:20  Roach x3  
  59  4:26  Roach x3  
  65  4:33  Nydus Canal  
  65  4:34  Roach  
  65  4:38  Zergling x2  
Show
View Real Time Build Order
Export as new Build Order

Miszu Terran 

Build Orders: Command Center First (CC), Liberator Opening 

Get SALT Encoding   

  12  0:00  SCV  
  13  0:12  SCV  
  14  0:17  Supply Depot  
  14  0:25  SCV  
  15  0:39  SCV  
  16  0:51  SCV  
  17  1:01  Command Center  
  17  1:04  SCV  
  18  1:13  Refinery  
  18  1:16  SCV  
  19  1:28  Barracks  
  19  1:29  SCV  
  20  1:41  SCV  
  21  1:53  SCV  
  22  2:14  Orbital Command  
  22  2:15  Marine, Orbital Command  
  22  2:19  Factory  
  23  2:23  Bunker  
  23  2:29  Refinery  
  23  2:33  Marine  
  24  2:40  SCV  
  24  2:42  SCV  
  26  2:51  Marine  
  26  2:52  SCV  
  26  2:54  SCV  
  29  3:04  SCV  
  30  3:06  Starport, SCV  
  30  3:10  Marine, Factory Tech Lab  
  32  3:16  SCV  
  32  3:18  SCV  
  34  3:28  SCV  
  34  3:30  SCV  
  34  3:33  Command Center  
  36  3:36  Marine  
  36  3:40  Liberator, SCV  
  38  3:42  Fusion Core  
  38  3:47  Factory Tech Lab  
  38  3:48  Supply Depot  
  38  3:53  SCV  
  38  3:54  Supply Depot  
  39  3:58  SCV  
  44  4:05  SCV  
  45  4:10  SCV  
  45  4:16  Refinery x2, Barracks Tech Lab  
  45  4:21  Barracks, SCV  
  45  4:22  Barracks  
  46  4:24  SCV  
  47  4:33  SCV  
  47  4:36  SCV  
Tags
 
Add a new tag
Caveats
  • Supply blocks, unpowered buildings, or Contaminate may cause inaccurate times.
  • Supply counts are checked every 10 seconds.